← All builds
Geo / Armada / Economy first / OBSERVED BUILD

Standard geo

Standard Geo economy-first play: geothermal by 3:26, T2 constructor by 4:55, advanced geothermal and vehicle plant around 7:07, transitioning into Starlight and T1 vehicles for front while supplying allies with cons and Lazarus.

Usually blows up the commander for T2 (66%)

#eco #t2 · 660 distinct matches · 107 players · 58% of Armada Geo games · team won 55% of 745 · Recently observed

HOW TO PLAY IT

Key timing: Geothermal Powerplant by 3:26

  1. Open mex and wind into Bot Lab.
  2. Rush geothermal for the early energy spike.
  3. Add Advanced Metal Extractor, then Advanced Geothermal by 7:07.
  4. Bring up Vehicle Plant alongside T2 con for "Starlight" and vehicles.
  5. Funnel "Starlight" and T1 vehicles to front, pay allies with cons and "Lazarus".

Phase by phase

TYPICAL OF ITS 660 GAMES
  1. 1
  2. 2
  3. 3
  4. 4
PLAY THE OPENING

Follow the example game's first 6:00 step by step: what to build now, what comes next, and where it goes. At 1× it keeps pace with your own game.

  1. 1

    Up to the Bot Lab

    Economy
    • Metal Extractor2Mex
    • Wind Turbine4Wind
    Order
    1. Bot LabBot Lab after 2 mex, 4 winddone ~1:12, middle half 0:58–1:22

    By 0:55 in all: 2 mex · 4 wind

    The example game in this phase · 5 steps
    1. Wind ×2
    2. Mex ×2
    3. Solar
    4. Wind ×2
    5. Bot LabBot Labdone 1:17 · typical 1:12
  2. 2

    Bot Lab to 5:00

    Economy
    • Metal Extractor2Mex
    • Wind Turbine3Wind
    • Energy Converter8Converter
    • Energy Storage1Energy storage
    Order
    1. Geothermal PowerplantGeo after 4 mex, 5 wind, 1 energy storage
    Builders
    • Construction Turret5 Con turret
    • Lazarus4 Lazarus
    • Construction Bot2 Con bot
    • Construction Bot1 Con bot for allies
    • Lazarus1 Lazarus for allies

    By 5:00 in all: 4 mex · 6 wind · 1 geo · 8 converter · 1 energy storage · 5 con turret

    The example game in this phase · 21 steps
    1. LazarusLazarus
    2. LazarusLazarusfor Beach sea
    3. LazarusLazarus
    4. Construction BotCon bot ×2
    5. Construction BotCon botfor Geo
    6. Mex
    7. LazarusLazarus
    8. Energy storage
    9. Mex
    10. Geothermal PowerplantGeodone 3:31 · typical 3:26
    11. Construction BotCon botfor Beach sea
    12. Mex
    13. Con turret ×2
    14. Mex
    15. Construction VehicleCon vehicle
    16. Converter ×2
    17. Advanced Vehicle PlantAdvanced Vehicle Plantdone 5:10 · typical 8:09
    18. Converter
    19. Mex
    20. Converter
    21. Con turret
  3. 3

    5:00 to Vehicle Plant

    Order
    1. Advanced Geothermal PowerplantAdvanced Geothermal Powerplant after 8 wind, 10 converter, 6 con turretin 61% of games
    2. Vehicle PlantVehicle Plant after 9 wind, 10 converter, 6 con turretdone ~7:07, middle half 6:43–7:41
    Builders
    • Construction Turret1 Con turret

    Some games also: converter (49%) · wind (47%)

    By 7:00 in all: 4 mex · 10 wind · 1 geo · 1 Advanced Geothermal Powerplant · 11 converter · 1 energy storage

    The example game in this phase · 1 step
    1. Vehicle PlantVehicle Plantdone 4:05 · typical 7:07
  4. 4

    Vehicle Plant to 10:00

    Economy
    • Wind Turbine5Wind
    • Energy Converter3Converter
    Order
    1. Advanced Vehicle PlantAdvanced Vehicle Plant after 11 wind, 12 converter, 7 con turretin 80% of games
    Builders
    • Construction Turret1 Con turret
    • Construction Vehicle1 Con vehicle
    Army
    • Starlight2 Starlight
    • Umbra1 Jammer
    • Prophet1 Radar vehicle

    Some games also: T2 con vehicle for allies (48%) · Jaguar (31%)

    By 10:00 in all: 4 mex · 19 wind · 1 geo · 1 Advanced Geothermal Powerplant · 16 converter · 1 energy storage

    The example game in this phase · 94 steps
    1. MauserMauser ×2for Geo
    2. Wind
    3. MauserMauser ×3for Geo
    4. Wind
    5. Advanced Construction VehicleT2 con vehicle
    6. Con turret
    7. Advanced Construction VehicleT2 con vehiclefor Geo
    8. Wind
    9. Advanced Metal ExtractorT2 mexdone 6:46 · typical 5:34
    10. Con turret
    11. Wind
    12. Advanced Construction VehicleT2 con vehiclefor Suicide front
    13. Wind ×2
    14. Windfor Geo
    15. Advanced Metal ExtractorT2 mex
    16. Wind ×2
    17. Energy storage
    18. Windfor Geo
    19. Wind
    20. Converter
    21. Wind
    22. Windfor Geo
    23. Converter
    24. Wind
    25. Advanced Construction VehicleT2 con vehiclefor Pond
    26. Windfor Geo
    27. Advanced Metal ExtractorT2 mex
    28. Wind ×3
    29. Windfor Geo
    30. Advanced Construction VehicleT2 con vehiclefor Beach sea
    31. Windfor Geo
    32. Wind ×2
    33. Windfor Geo
    34. Wind
    35. Advanced Construction VehicleT2 con vehicle
    36. Wind
    37. Windfor Geo
    38. Wind ×2
    39. Advanced Metal ExtractorT2 mex
    40. Windfor Geo
    41. Wind
    42. Windfor Geo
    43. Advanced Construction VehicleT2 con vehiclefor Front
    44. Wind ×7
    45. Advanced Construction VehicleT2 con vehiclefor Geo sea
    46. Advanced Metal ExtractorT2 mex
    47. Wind ×10
    48. Advanced Geothermal PowerplantAdvanced Geothermal Powerplantdone 10:11 · typical 7:06
    49. Wind ×2
    50. Advanced Metal ExtractorT2 mex
    51. Wind ×2
    52. Metal storage
    53. Wind
    54. Con turret ×3
    55. Advanced Metal ExtractorT2 mex
    56. Con turret
    57. Wind
    58. Aircraft PlantAircraft Plantdone 10:51
    59. StormbringerBomber
    60. Wind
    61. StormbringerBomber ×3
    62. Wind
    63. StormbringerBomber
    64. Advanced Metal ExtractorT2 mex
    65. StormbringerBomber
    66. Wind
    67. StormbringerBomber ×3
    68. Con turret ×2
    69. StormbringerBomber
    70. Con turret
    71. StormbringerBomber
    72. Con turret
    73. StormbringerBomber ×9
    74. BlinkScout plane ×2
    75. FalconFighter ×19for Geo
    76. FalconFighter ×2
    77. FalconFighter ×2for Geo
    78. Experimental GantryExperimental Gantrydone 13:05
    79. FalconFighterfor Geo
    80. FalconFighter ×3
    81. FalconFighter ×9for Geo
    82. RazorbackRazorbackfor Geodone 14:02
    83. FalconFighter
    84. Wind
    85. Energy storagefor Geo
    86. RazorbackRazorbackfor Geo
    87. Energy storagefor Geo
    88. Wind ×2
    89. Fusion ReactorFusionnot finished by 15:00
    90. Wind
    91. Energy storage
    92. Wind ×5
    93. RazorbackRazorbackfor Geo
    94. Wind ×5

Counts are medians over the build's games: half of them build more, half fewer. The example game is DukeofStars's (55 OS, 23/08/2026); pick another.

Team trades

IN AT LEAST 30% OF ITS GAMES

You hand over

  • Lazarus1 Lazarus to Beach seafirst at 2:16 · in 78% of games
  • Construction Bot1 Con bot to Beach seafirst at 2:31 · in 88% of games
  • Advanced Construction Vehicle1 T2 con vehicle to Suicide front or Frontfirst at 8:52 · in 61% of games

You get

  • Hercules1 Light transport from Airfirst at 4:19 · in 35% of games
  • Advanced Construction Bot1 T2 con bot from Techfirst at 4:48 · in 95% of games

How it plays out

Typical game of this build, running totals by minute

Metal produced

020k40k
0:005:0010:0015:00

metal

Enemy metal destroyed

05k10k15k
0:005:0010:0015:00

metal

Own metal lost

02.5k5k7.5k
0:005:0010:0015:00

metal

745 games.

Show as table
ByMetal produced: This buildEnemy metal destroyed: This buildOwn metal lost: This build
1:0033300
2:0082500
3:00152300
4:00270000
5:00372600
6:00572900
7:00813000
8:0011459021
9:001448951130
10:0017405565280
11:00203772074790
12:002330539401940
13:002606259613304
14:002898883214785
15:0031497101726196
WHAT THE NUMBERS SAY

Standard Geo build dominates the resource numbers, with zero own losses through 10:00 and a huge metal lead by 15:00.

  • + Metal produced hits 31426 by 15:00, highest of all six builds
  • + Own metal lost is 0 by 5:00 and only 334 by 10:00
  • − First Starlight only arrives in 57% of games by 9:19
  • − Advanced geothermal lands in just 69% of games by 7:16
THE EXAMPLE YOU ARE READING

DukeofStars

54.8 OS · 23/08/2026

Open source match ↗

26 received units · includes a constructor
9492 metal received · 85298 energy received

Allied construction assistance is unknown. Timings are observations, not a promise of solo reproducibility.

Typical milestones

Bot Lab1:12Middle 50%: 0:58–1:22 · n=744
Geothermal Powerplant3:26Middle 50%: 3:10–3:42 · n=743
Advanced Metal Extractor5:34Middle 50%: 5:19–5:56 · n=742
Advanced Geothermal Powerplant7:06Middle 50%: 6:49–7:34 · n=552
Vehicle Plant7:07Middle 50%: 6:43–7:41 · n=705
Advanced Vehicle Plant8:09Middle 50%: 7:41–8:54 · n=669
Starlight9:06Middle 50%: 8:32–9:53 · n=583

Played most by

zeus_on_god76games of this build0neTw074games of this buildViltrum53games of this buildDamsko35games of this buildXad35games of this build